AoeStats
← Nils

Lombardia

509331177Analyzed
2v2 RM · 4d ago on Sep 26, 2026· 45m 33s· 4 players
Game mode
Random Map
Map size
Medium (4 player)
Population
200
Speed
Normal
Resources
Standard
Victory
Conquest
Starting age
Dark Age
Ending age
Imperial Age
RankedLock teamsTeams togetherTeam positionsShared explorationLock speedFull tech treeHidden civsTurbo modeCheats
Victory
Defeat
🇨🇳 Ethiopians · China
1101
+15
🇩🇪 Magyars · Germany
1089
+15
🇫🇷 Tupi · France
1099
-16
🇫🇷 Burgundians · France
1044
-14
Dark Woinic
7:54 Loom
10:00 Feudal Age
11:35 Double-Bit Axe
18:02 Castle Age
16:53 Fletching
16:49 Horse Collar
25:14 Wheelbarrow
27:53 Bow Saw
28:24 Heavy Plow
30:54 Hand Cart
30:55 Bodkin Arrow
34:20 Imperial Age
33:05 Ballistics
32:54 Gold Mining
32:54 Stone Mining
34:02 Pikeman
35:00 Squires
35:15 Elite Blackwood Archer
36:20 Conscription
36:19 Bracer
36:30 Forging
36:22 Scale Mail Armor
36:25 Halberdier
38:36 Iron Casting
38:02 Padded Archer Armor
39:51 Chemistry
40:14 Caciques
40:31 Chain Mail Armor
40:15 Arson
40:37 Caravan
41:40 Two-Man Saw
41:50 Curare
vengir-syranon
5:49 Loom
10:01 Feudal Age
8:52 Double-Bit Axe
16:50 Castle Age
16:24 Horse Collar
16:38 Gold Mining
18:00 Husbandry
19:04 Bow Saw
23:42 Heavy Plow
23:38 Cavalier
24:32 Stone Mining
31:23 Imperial Age
30:08 Two-Man Saw
31:09 Wheelbarrow
31:45 Paladin
34:34 Crop Rotation
34:47 Burgundian Vineyards
35:36 Conscription
35:46 Caravan
35:57 Murder Holes
36:21 Hand Cart
36:46 Gold Shaft Mining
40:12 Chemistry
39:47 Forging
39:38 Scale Mail Armor
39:44 Scale Barding Armor
43:33 Pikeman
44:13 Squires
45:24 Halberdier
Nils
4:45 Loom
11:39 Feudal Age
16:22 Castle Age
14:42 Horse Collar
15:01 Double-Bit Axe
17:45 Wheelbarrow
17:26 Bow Saw
25:14 Heavy Plow
25:10 Stone Mining
25:14 Gold Mining
27:13 Gold Shaft Mining
30:03 Hand Cart
29:33 Town Watch
31:01 Scale Mail Armor
31:07 Scale Barding Armor
30:54 Fletching
33:50 Imperial Age
31:34 Husbandry
31:44 Bloodlines
32:55 Town Patrol
34:20 Corvinian Army
33:53 Cavalier
34:57 Chain Barding Armor
34:36 Bodkin Arrow
35:25 Conscription
34:26 Elite Magyar Huszar
35:20 Paladin
36:16 Thumb Ring
36:50 Plate Barding Armor
36:16 Bracer
36:40 Ballistics
37:21 Chemistry
36:50 Caravan
37:27 Padded Archer Armor
38:03 Parthian Tactics
38:39 Crop Rotation
39:26 Two-Man Saw
38:36 Light Cavalry
42:18 Leather Archer Armor
42:04 Scale Mail Armor
42:10 Recurve Bow
菜鸟蛋小黄
7:01 Loom
9:55 Feudal Age
10:47 Double-Bit Axe
20:25 Castle Age
18:30 Gold Mining
20:03 Horse Collar
21:28 Bow Saw
21:59 Gold Shaft Mining
22:14 Stone Mining
22:16 Fletching
22:27 Padded Archer Armor
23:07 Wheelbarrow
24:56 Hand Cart
26:24 Heavy Plow
28:39 Bodkin Arrow
33:44 Imperial Age
32:06 Leather Archer Armor
32:14 Ballistics
31:20 Crossbowman
32:44 Thumb Ring
34:12 Forging
34:20 Squires
34:06 Arson
36:02 Chemistry
35:36 Ring Archer Armor
34:57 Arbalester
36:43 Bracer
37:46 Scale Mail Armor
39:42 Two-Man Saw
39:21 Stone Shaft Mining
39:06 Chain Mail Armor
39:28 Iron Casting
38:25 Halberdier
41:07 Plate Mail Armor
43:10 Conscription
45:07 Blast Furnace
Connection lost

Rejoining the realm…

Still unreachable

The connection could not be restored.

Session expired

The server has moved on; the page needs a fresh start.